 Dungeon Crawl Stone Soup version 0.30-a0-595-g91969c0fa5 (webtiles) character file.

Game seed: 4543315085425381515

208 MackTheKnife the Gusty (level 5, -5/29 HPs)
             Began as a Tengu Wanderer on Jan 6, 2023.
             Slain by an iguana (13 damage)
             ... on level 4 of the Dungeon.
             The game lasted 00:07:10 (3505 turns).

MackTheKnife the Gusty (Tengu Wanderer)             Turns: 3505, Time: 00:07:11

Health: -5/29      AC:  2    Str: 12    XL:     5   Next: 86%
Magic:  7/11       EV: 11    Int: 15    God:
Gold:   123        SH:  0    Dex: 13    Spells: 5/10 levels left

rFire   . . .      SeeInvis +    h - +6 flail of Yredelemnul's Pride {elec, Will++, mace}
rCold   . . .      Faith    .    (no shield)
rNeg    . . .      Spirit   .    e - +0 robe
rPois   .          Reflect  .    (helmet restricted)
rElec   .          Harm     .    (no cloak)
rCorr   .          Rampage  .    (no gloves)
Will    ++...                    (boots unavailable)
Stlth   +                        (no amulet)
HPRegen 0.24/turn                g - ring of wizardry
MPRegen 0.12/turn                j - ring of see invisible

@: grasped by roots, flying quickly and evasively, constricted, quick
A: beak, talons 3, nimble flight
a: no special abilities


You were on level 4 of the Dungeon.
You visited 1 branch of the dungeon, and saw 4 of its levels.

You collected 123 gold pieces.


Innate Abilities, Weirdness & Mutations

You have a beak for a mouth.
You have claws for feet.
Your magical nature lets you fly swiftly and evasively.


   Skills:
 - Level 1.0 Fighting
 - Level 1.1 Ranged Weapons
 - Level 2.0 Throwing
 - Level 2.1 Armour
 - Level 1.1 Dodging
 + Level 3.3 Spellcasting
 - Level 2.3 Conjurations
 + Level 5.5 Air Magic


You had 5 spell levels left.
You knew the following spells:

 Your Spells              Type           Power      Damage    Failure   Level
a - Shock                 Conj/Air       56%        1d6       1%          1
b - Airstrike             Air            9%         2d(2-18)  9%          4

Your spell library contained the following spells:

 Spells                   Type           Power      Damage    Failure   Level
 Poisonous Vapours        Pois/Air       20%        N/A       4%          2
 Cigotuvi's Dreadful Rot  Necr/Pois/Air  16%        N/A       6%          2
 Mephitic Cloud           Conj/Pois/Air  10%        N/A       9%          3
 Kindle Blastsparks       Fire/Tloc/Air  16%        2d11      11%         3

Inventory:

Hand Weapons
 h - the +6 flail of Yredelemnul's Pride (weapon) {elec, Will++, mace}
   (You found it on level 3 of the Dungeon)

   Will:      It greatly increases your willpower.
Missiles
 b - 14 poisoned darts {throwing}
 z - 3 atropa-tipped darts {throwing}
Armour
 e - a +0 robe (worn)
 i - a +0 ring mail
   (You found it on level 1 of the Dungeon)
 k - a +0 ring mail
   (You found it on level 1 of the Dungeon)
 q - a +0 robe
   (You found it on level 2 of the Dungeon)
 r - a +0 plate armour
   (You found it on level 2 of the Dungeon)
 w - a +0 leather armour
   (You found it on level 2 of the Dungeon)
 x - a +0 plate armour
   (You took it off a hobgoblin on level 2 of the Dungeon)
Jewellery
 g - a ring of wizardry (left hand)
   (You found it on level 1 of the Dungeon)
 j - a ring of see invisible (right hand)
   (You found it on level 1 of the Dungeon)
Scrolls
 c - a scroll of fog {unknown}
 d - a scroll of fear
 n - a scroll of brand weapon {unknown}
 o - a scroll of torment {unknown}
 p - a scroll of enchant weapon {unknown}
 s - a scroll of noise {unknown}
 t - 2 scrolls of teleportation {@r4}
 u - a scroll of poison {unknown}
 v - 2 scrolls of vulnerability {unknown}
 y - a scroll of blinking {unknown}
Potions
 a - 2 potions of might {unknown}
 f - a potion of curing {unknown}
 m - a potion of haste {unknown}
 A - a potion of berserk rage {!q}
 B - a potion of heal wounds {unknown}

Dungeon Overview and Level Annotations

Branches:
Dungeon (4/15) Zot: 20583
 Temple: D:4-7

Altars:
Ru
Trog
The Shining One

Shops:
D:4 *

Annotations:
D:4 Blork the orc, Ijyb

.$.............
...............
...............
...!...........
...............
..........n....
.......l.....B.
..h...∩@..g....
...............
..)............
...............
...............
...............
...............
###############


You could see a necrophage, Ijyb, an iguana, a hound and a giant cockroach.


Message History

Found a gluggy blue potion.
Found a stone staircase leading down. 😎 MP[+1]
Your mp is fully restored (10).
The zap hits the hobgoblin.
You kill the hobgoblin! 😎 MP[-1]
You lost 1 mp, and now have 9/10 mp.
You can't see any susceptible monsters within range! (Use Z to cast anyway.)
You can't see any susceptible monsters within range! (Use Z to cast anyway.) Key pressed, stopping explore.
Key pressed, stopping explore.
f - a gluggy blue potion 😎 MP[+1]
Your mp is fully restored (10).
You see here a hobgoblin corpse.
As you open the door, it creaks loudly!
There is an open door here.
h - the +6 flail of Yredelemnul's Pride {elec, Will++, mace} You hear the crackle of electricity.
h - the +6 flail of Yredelemnul's Pride (weapon)
{elec, Will++, mace} You drop a +0 dagger {short}.
c - a scroll labelled TIOKHL YNUOCUH
Casting: Shock (safe; 1% risk of failure)
Confirm with . or Enter, or press ? or * to list all spells.
Okay, then.
You see here a +0 dagger {short}.
Key pressed, stopping explore.
You reach down and open the door.
There is an open door here.
An orc comes into view. It is wielding a +0 flail.
The zap hits the orc.
You kill the orc! 😎 MP[-1]
You can't see any susceptible monsters within range! (Use Z to cast anyway.)
There is an open door here.
You reach down and open the large door.
There is a large open door here.
There is a large open door here.
Done exploring. 😎 MP[+2]
Your mp is fully restored (11).
Done exploring.
(D) Dungeon
Where to? (Enter - D:3, ? - help)
What level of the Dungeon? (default 1, ? - help)
There is a stone staircase leading down here.
You fly downwards.
Found a falchion, a scroll of teleportation and 8 stones.
Found a stone staircase leading up.
There is a stone staircase leading up here.
There are monsters nearby!
The gnoll throws a throwing net.
The throwing net completely misses you.
You fly upwards.
There is a stone staircase leading down here.
There is an open door here.
There is an open door here.
There is a stone staircase leading down here.
You fly downwards.
Level annotation: Blork the orc
Found a short sword, a gluggy blue potion and 8 gold pieces.
Found Netif's General Store.
There is a stone staircase leading up here.
Casting: Shock (safe; 1% risk of failure)
Confirm with . or Enter, or press ? or * to list all spells.
Okay, then.
Unknown command.
Casting: Shock (safe; 1% risk of failure)
Confirm with . or Enter, or press ? or * to list all spells.
The spell is quite dangerous to miscast (9% risk of failure)!
Continue anyway?
Aiming: Airstrike (quite dangerous; 9% risk of failure)
Press: ? - help, Dir - move target, f - Ijyb
Aim: Ijyb, wielding a +0 dagger, wearing a +0 ring mail and carrying a wand of roots (7) (asleep, empty space bonus: 8/8)
The air twists around and strikes Ijyb!!
Ijyb shouts!
A necrophage comes into view.
Ijyb zaps a wand.
The roots erupt in riotous growth!
The grasping roots grab you! The grasping roots constrict you.
You hear a bark! 😕 HP[-5] MP[-4]
You take 5 damage, and now have 24/29 hp.
You lost 4 mp, and now have 7/11 mp.
You escape the roots grasp.
You fly upwards.
There is a stone staircase leading down here. 😕 HP[+1] Unknown command.
You fly downwards.
Level annotation: Blork the orc, Ijyb The iguana bites you!
* * * LOW HITPOINT WARNING * * *
Ijyb zaps a wand.
The roots erupt in riotous growth!
The grasping roots grab you!
The iguana is unaffected.
The grasping roots constrict you.
* * * LOW HITPOINT WARNING * * *
The iguana bites you!
You die...

Skill      XL: |  1  2  3  4  5 |
---------------+----------------+-----
Conjurations   | 1 2 |  2.3
Air Magic      | 3 4 5 |  5.5
Spellcasting   | 2 3 |  3.3
Fighting       | |  1.0
Ranged Weapons | |  1.1
Throwing       | |  2.0
Armour         | |  2.1
Dodging        | |  1.1

Action                   |  1- 3 |  4- 6 || total
-------------------------+-------+-------++-------
Melee: Dagger            |       |     1 ||     1
       Peck              |       |     1 ||     1
 Fire: Sling             |     9 |     8 ||    17
Throw: Dart              |     9 |       ||     9
 Cast: Shock             |    58 |    93 ||   151
       Airstrike         |       |     1 ||     1
  Use: Scroll            |       |     3 ||     3
Armor: Robe              |     9 |     4 ||    13
Dodge: Dodged            |    27 |    17 ||    44

Levels and vault maps discovered:
D:1:      lemuel_arrival_lava_pool, layout_loops_ring
D:2:      layout_rooms, shapermc_ecumenical_altar_ellora
D:3:      layout_basic, trog_antimagical, mainiacjoe_overflow_swirl
D:4:      layout_layer_cave, serial_shops, nicolae_shop_overgrown_old_shop,
          shop, shop, shop_statue, kennysheep_little_box, uniq_duvessa,
          uniq_blork_the_orc, uniq_ijyb

Notes
Turn   | Place    | Note
-------+----------+-------------------------------------------
     0 | D:1      | MackTheKnife the Tengu Wanderer began the quest for the
                  | Orb.
     0 | D:1      | MackTheKnife set off with the following items: a +0 sling,
                  | 14 poisoned darts {throwing}, a +0 dagger {short}, a scroll
                  | of fear, a +0 robe; and the following spell memorised:
                  | Shock; and the following spells available to memorise:
                  | Kindle Blastsparks, Airstrike.
     0 | D:1      | Reached XP level 1. HP: 12/12 MP: 3/3
     0 | D:1      | magus.rc [v1.9.6]
   203 | D:1      | HP: 3/12 [hobgoblin (3)]
   213 | D:1      | HP: 2/12 [hobgoblin (3)]
   254 | D:1      | Reached skill level 1 in Conjurations
   254 | D:1      | Reached skill level 3 in Air Magic
   323 | D:1      | Reached XP level 2. HP: 14/16 MP: 4/4
   622 | D:1      | You pick up a book of Vapours and begin reading...
   622 | D:1      | You add the spells Poisonous Vapours, Cigotuvi's Dreadful
                  | Rot and Mephitic Cloud to your library.
  1169 | D:1      | Reached skill level 2 in Conjurations
  1169 | D:1      | Reached XP level 3. HP: 19/20 MP: 0/6
  1374 | D:2      | Reached skill level 2 in Spellcasting
  1374 | D:2      | Reached XP level 4. HP: 21/25 MP: 0/8
  1505 | D:2      | Reached skill level 4 in Air Magic
  2116 | D:2      | Learned a level 4 spell: Airstrike
  2125 | D:2      | Gained mutation: Your magical nature lets you fly swiftly
                  | and evasively. [Tengu growth]
  2125 | D:2      | Reached XP level 5. HP: 29/29 MP: 2/10
  2361 | D:2      | Found a faded altar of an unknown god.
  2664 | D:3      | Found a glowing golden altar of the Shining One.
  2705 | D:3      | Found a sacrificial altar of Ru.
  3077 | D:3      | Found a bloodstained altar of Trog.
  3169 | D:3      | Reached skill level 3 in Spellcasting
  3169 | D:3      | Reached skill level 5 in Air Magic
  3318 | D:3      | Identified the +6 flail of Yredelemnul's Pride {elec,
                  | Will++}
  3444 | D:4      | Noticed Blork the orc
  3500 | D:4      | Noticed Ijyb
  3500 | D:4      | Found Netif's General Store.
  3505 | D:4      | Slain by an iguana

Vanquished Creatures
  A necrophage (D:3)
  5 gnolls
  3 adders (D:2)
  2 worms (D:2)
  A dart slug (D:2)
  2 orcs (D:3)
  5 ball pythons
  8 bats
  8 endoplasms
  2 giant cockroaches (D:2)
  4 goblins
  9 hobgoblins
  A quokka (D:2)
  3 frilled lizards
  3 kobolds
  4 rats
61 creatures vanquished.

Table legend:
 A = Non-vault XP
 B = Vault XP
 C = Vault XP percentage of total XP
 D = Non-vault monster count
 E = Vault monster count
 F = Vault count percentage of total count
                 A         B        C        D         E       F
            +---------+---------+-------+---------+---------+-------
      Total |     279 |      19 |   6.4 |      58 |       3 |   4.9
            +---------+---------+-------+---------+---------+-------
        D:1 |      45 |       0 |   0.0 |      19 |       0 |   0.0
        D:2 |     130 |       0 |   0.0 |      29 |       0 |   0.0
        D:3 |     104 |      19 |  15.4 |      10 |       3 |  23.1
            +---------+---------+-------+---------+---------+-------

Illustrated notes

Table legend:
 A = Kills in this place as a percentage of kills in entire the game.
 B = Kills by you in this place as a percentage of kills by you in the entire game.
 C = Kills by friends in this place as a percentage of kills by friends in the entire game.
 D = Other kills in this place as a percentage of other kills in the entire game.
 E = Experience gained in this place as a percentage of experience gained in the entire game.
 F = Experience gained in this place divided by the number of levels of this place that you have seen.
                   A       B       C       D       E      F
               +-------+-------+-------+-------+-------+----------------------
         Total | 100.0 | 100.0 |   N/A |   N/A | 100.0 |  74.5
       Dungeon | 100.0 | 100.0 |   N/A |   N/A | 100.0 |  74.5
               +-------+-------+-------+-------+-------+----------------------

Table legend: (Time is in decaauts)
 A = Elapsed time spent in this place.
 B = Non-inter-level travel time spent in this place.
 C = Inter-level travel time spent in this place.
 D = Time resting spent in this place.
 E = Time spent auto-exploring this place.
 F = Levels seen in this place.
 G = Mean time per level.
                   A        B        C        D        E       F      G
               +--------+--------+--------+--------+--------+-----+--------+
         Total |   3415 |   3181 |    234 |    593 |   2136 |   4 |  853.8 |
       Dungeon |   3415 |   3181 |    234 |    593 |   2136 |   4 |  853.8 |
               +--------+--------+--------+--------+--------+-----+--------+

Top non-repeatable levels by time:
     D:1: 1452 daAuts
     D:2: 1117 daAuts
     D:3: 841 daAuts
     D:4: 4 daAuts
